 Dungeon Crawl Stone Soup version 0.29-a0-422-gafbd6decc1 (webtiles) character file.

Game seed: 3526925769576926956

308 Pelinal the Frost Mage (level 6, -8/41 HPs)
             Began as a Merfolk Ice Elementalist on May 19, 2022.
             Killed from afar by a white imp (10 damage)
             ... with a puff of frost
             ... on level 5 of the Dungeon.
             The game lasted 00:08:07 (4223 turns).

Pelinal the Frost Mage (Merfolk Ice Elementalist)   Turns: 4223, Time: 00:08:07

Health: -8/41      AC:  2    Str:  8    XL:     6   Next: 40%
Magic:  2/9        EV: 13    Int: 14    God:
Gold:   174        SH:  5    Dex: 17    Spells: 2/9 levels left

rFire   . . .      SeeInvis .   a - +0 short sword
rCold   . . .      Faith    .   (no shield)
rNeg    . . .      Spirit   .   l - +0 robe
rPois   .          Reflect  +   (no helmet)
rElec   .          Harm     .   (no cloak)
rCorr   .          Rampage  .   (no gloves)
Will    .....                   (no boots)
Stlth   ++........              h - amulet of reflection
HPRegen 0.13/turn               (no ring)
MPRegen 0.11/turn               (no ring)

@: no status effects
A: (nimble swimmer 2), mertail
a: no special abilities


You were on level 5 of the Dungeon.
You visited 1 branch of the dungeon, and saw 5 of its levels.

You collected 189 gold pieces.
You spent 15 gold pieces at shops.

Inventory:

Hand Weapons
 a - a +0 short sword (weapon)
 b - a +0 hunting sling
 n - a +0 spear
Missiles
 e - 5 javelins
 j - 4 poisoned darts (quivered)
Armour
 l - a +0 robe (worn)
Jewellery
 g - a ring of fire
 h - an amulet of reflection (around neck)
Wands
 r - a wand of iceblast (2)
Scrolls
 c - 3 scrolls of identify {unknown}
 k - a scroll of poison {unknown}
 o - 3 scrolls of teleportation {unknown}
 p - a scroll of noise {unknown}
 s - 2 scrolls of fog
 v - 2 scrolls of immolation {unknown}
 w - a scroll of fear {unknown}
 y - a scroll of silence {unknown}
Potions
 d - 4 potions of might {unknown}
 f - a potion of attraction {unknown}
 i - 2 potions of berserk rage {unknown}
 m - a potion of curing {unknown}
 q - 3 potions of magic
 t - a potion of degeneration {unknown}
 u - 4 potions of heal wounds {unknown}
 x - a potion of lignification {unknown}


   Skills:
 - Level 2.6 Dodging
 + Level 3.1 Stealth
 - Level 2.0 Spellcasting
 - Level 8.0 Ice Magic


You had 2 spell levels left.
You knew the following spells:

 Your Spells              Type           Power      Damage    Failure   Level
a - Freeze                Ice            92%        1d10      1%          1
b - Frozen Ramparts       Ice            46%        1d6       2%          3
c - Ozocubu's Armour      Ice            23%        N/A       2%          3

Your spell library contained the following spells:

 Spells                   Type           Power      Damage    Failure   Level
 Corpse Rot               Necr/Air       2%         N/A       34%         2
 Poisonous Vapours        Pois/Air       2%         N/A       34%         2
 Hailstorm                Conj/Ice       12%        3d5       41%         4
 Ignite Poison            Fire/Tmut/Pois 1%         N/A       56%         3
 Mephitic Cloud           Conj/Pois/Air  1%         N/A       56%         3
 Freezing Cloud           Conj/Ice/Air   4%         6-21      92%         5
 Passage of Golubria      Tloc           1%         N/A       93%         4
 Silence                  Hex/Air        0%         N/A       100%        5
 Lehudib's Crystal Spear  Conj/Erth      0%         10d2      100%        8


Dungeon Overview and Level Annotations

Branches:
Dungeon (5/15)
 Temple: D:4-7

Altars:
Qazlal
Ru

Shops:
D:2 (

Annotations:
D:4 exclusion: phantom


Innate Abilities, Weirdness & Mutations

((You are very nimble when in or above water. (Stealth+, EV+, Speed+++)))
Your lower body shifts to a powerful aquatic tail in water.


Message History

The white imp gestures at you. The puff of frost hits you!
* * * LOW HITPOINT WARNING * * *
Unknown command.
Casting: Freeze (safe; 1% risk of failure)
Confirm with . or Enter, or press ? or * to list all spells.
You don't have enough magic to cast this spell.
Unknown command.
Throw: 5 darts (poison)
Press: ? - help, Q - select action, (/) - cycle Shift-Dir - straight line, f - white imp
Aim: a white imp (moderately wounded, 59% to hit)
Okay, then.
Throw: 5 darts (poison)
Press: ? - help, Shift-Dir - straight line You throw a poisoned dart.
The poisoned dart closely misses the white imp.
The poisoned dart barely misses the orc.
The white imp gestures at you. The puff of frost hits you.
* * * LOW HITPOINT WARNING * * *
Unknown command.
Throw: 4 darts (poison)
Press: ? - help, Shift-Dir - straight line, f - orc
Aim: an orc, wielding a +0 club (59% to hit)
Okay, then.
Throw: 6 javelins
Press: ? - help, Shift-Dir - straight line, f - orc
Aim: an orc, wielding a +0 club (59% to hit)
You throw a javelin.
The javelin pierces through the white imp but does no damage.
The white imp is moderately wounded.
The javelin pierces through the orc.
The orc is almost dead.
The white imp hits you.
* * * LOW HITPOINT WARNING * * *
The white imp freezes you.
* * * LOW HITPOINT WARNING * * *
The white imp gestures at you. The puff of frost hits you!
You die...

######### #.......# #.......#
#### ##############.......#
##...##....................##
#.......##############..[...###
........######.5o...(##...<....
............#.@# #....####
.......##...#)## #....# #.....#
#...#.# #....# #..... ###...#
#...## ...... #.#.# #...#####
...... ###.# ##......# .....
#.⌠ ##.###.# #... ##.. #.# #..
### #...##.


You could see a white imp and an orc.

Vanquished Creatures
  A black bear (D:5)
  A jelly (D:5)
  An orc priest (D:4)
  2 iguanas
  An orc wizard (D:4)
  An adder (D:3)
  A dart slug (D:1)
  4 orcs
  9 bats
  6 endoplasms
  2 giant cockroaches
  7 goblins
  6 hobgoblins
  2 jackals (D:3)
  3 quokkas
  3 ball pythons
  A frilled lizard (D:3)
  13 kobolds
  5 rats
69 creatures vanquished.

Notes
Turn   | Place    | Note
-------+----------+-------------------------------------------
     0 | D:1      | Pelinal the Merfolk Ice Elementalist began the quest for
                  | the Orb.
     0 | D:1      | Reached XP level 1. HP: 13/13 MP: 3/3
   301 | D:1      | Reached XP level 2. HP: 13/19 MP: 0/5
   462 | D:1      | Reached skill level 5 in Ice Magic
  1343 | D:2      | Reached XP level 3. HP: 16/24 MP: 2/6
  1522 | D:2      | Found a stormy altar of Qazlal.
  1973 | D:2      | Found Nuravizy's Weapon Boutique.
  1983 | D:2      | Bought a +0 hunting sling for 15 gold pieces
  2245 | D:3      | Learned a level 3 spell: Frozen Ramparts
  2412 | D:3      | Reached skill level 6 in Ice Magic
  2566 | D:3      | Reached XP level 4. HP: 30/30 MP: 5/7
  2710 | D:3      | Found a sacrificial altar of Ru.
  3006 | D:4      | Noticed an ice beast
  3433 | D:4      | Learned a level 3 spell: Ozocubu's Armour
  3528 | D:4      | Reached XP level 5. HP: 30/35 MP: 1/8
  3605 | D:4      | Reached skill level 7 in Ice Magic
  3908 | D:4      | Noticed a phantom
  3949 | D:5      | Entered Level 5 of the Dungeon
  4201 | D:5      | Noticed a black bear
  4209 | D:5      | Killed a black bear
  4210 | D:5      | Reached skill level 8 in Ice Magic
  4210 | D:5      | Reached XP level 6. HP: 33/41 MP: 0/9
  4223 | D:5      | HP: 2/41 [white imp (4)]
  4223 | D:5      | Killed from afar by a white imp

Illustrated notes

Levels and vault maps discovered:
D:1:      lightli_arrival_lavapool, layout_basic
D:2:      layout_loops_ring, basic_altar, serial_shops, shop
D:3:      layout_loops_ring, mainiacjoe_overflow_concentric_impassable
D:4:      layout_loops_corners, minmay_temple_entry_butterflies,
          minmay_pentomino_pile
D:5:      layout_rooms, minmay_misc_feat_four_crosses, grunt_ministairs_11,
          uniq_ijyb, uniq_menkaure, uniq_grinder, uniq_blork_the_orc

Skill      XL: |  1  2  3  4  5 |
---------------+----------------+-----
Ice Magic      | 5 6 8 |  8.0
Stealth        | 3 |  3.1
Dodging        | |  2.6
Spellcasting   | |  2.0

Action                   |  1- 3 |  4- 6 || total
-------------------------+-------+-------++-------
Melee: Club              |    14 |       ||    14
       Unarmed           |     1 |       ||     1
       Short sword       |    13 |     6 ||    19
 Fire: Hunting sling     |    18 |    41 ||    59
Throw: Dart              |       |     1 ||     1
       Javelin           |       |     1 ||     1
 Cast: Freeze            |    52 |    27 ||    79
       Frozen Ramparts   |       |     4 ||     4
       Ozocubu's Armour  |       |     1 ||     1
  Use: Scroll            |     1 |       ||     1
 Stab: Sleeping          |     2 |       ||     2
Armor: Robe              |    11 |     1 ||    12
Dodge: Dodged            |    44 |    14 ||    58
Block: Other             |     9 |     6 ||    15
       Reflection        |       |     1 ||     1

Table legend: (Time is in decaauts)
 A = Elapsed time spent in this place.
 B = Non-inter-level travel time spent in this place.
 C = Inter-level travel time spent in this place.
 D = Time resting spent in this place.
 E = Time spent auto-exploring this place.
 F = Levels seen in this place.
 G = Mean time per level.
                   A        B        C        D        E       F      G
               +--------+--------+--------+--------+--------+-----+--------+
         Total |   4253 |   4060 |    193 |    784 |   2596 |   5 |  850.6 |
       Dungeon |   4253 |   4060 |    193 |    784 |   2596 |   5 |  850.6 |
               +--------+--------+--------+--------+--------+-----+--------+

Top non-repeatable levels by time:
     D:1: 1310 daAuts
     D:4: 924 daAuts
     D:2: 916 daAuts
     D:3: 825 daAuts
     D:5: 277 daAuts
